SBL
FOOTSCRAY BULLDOGS @ HAWTHORN HAWKS
06/13/2022
 
TOP OF THE 1ST
Footscray Bulldogs batting - Pitching for Hawthorn Hawks : RHP Alan Redelius
Pitching: RHP Alan Redelius
Batting: RHB Reg Dainty 0-0: Foul Ball, location: 23F
0-1: Ball
1-1: Swinging Strike
1-2: Fly out, F8 (Flyball, 89M, EV 98.8 MPH)
Batting: LHB Ben Honeyfield 0-0: Called Strike
0-1: SINGLE (Flyball, 89S, EV 95.6 MPH)
Batting: RHB Bob Alley 0-0: Ball
1-0: Grounds into double play, 6-4-3 (Groundball, 6S, EV 87.5 MPH)
Top of the 1st over - 0 runs, 1 hit, 0 errors, 0 left on base; Footscray 0 - Hawthorn 0
BOTTOM OF THE 1ST
Hawthorn Hawks batting - Pitching for Footscray Bulldogs : RHP Camron Lonsdale
Pitching: RHP Camron Lonsdale
Batting: LHB Fred Pascoe 0-0: Ball
1-0: Ground out 6-3 (Groundball, 6D, EV 106.3 MPH)
Batting: RHB Frank Crang 0-0: Foul Ball, location: 5DF
0-1: Called Strike
0-2: Ball
1-2: Ball
2-2: Fly out, F9 (Flyball, 9D, EV 103.8 MPH)
Batting: LHB Chandler Cheney 0-0: Ground out U3 (Groundball, 13, EV 92.5 MPH)
Bottom of the 1st over - 0 runs, 0 hits, 0 errors, 0 left on base; Footscray 0 - Hawthorn 0
TOP OF THE 2ND
Footscray Bulldogs batting - Pitching for Hawthorn Hawks : RHP Alan Redelius
Batting: RHB Marc Dumbrill 0-0: Foul Ball, location: 2F
0-1: Foul Ball, location: 2F
0-2: Foul Ball, location: 9LMF
0-2: Ball
1-2: Ball
2-2: Strikes out swinging
Batting: LHB Ethan Rymer 0-0: Ground out 4-3 (Groundball, 4, EV 81.9 MPH)
Batting: RHB Kip Harris 0-0: Called Strike
0-1: Ball
1-1: Ball
2-1: Ground out 3-1 (Groundball, 34, EV 84.4 MPH)
Top of the 2nd over - 0 runs, 0 hits, 0 errors, 0 left on base; Footscray 0 - Hawthorn 0
BOTTOM OF THE 2ND
Hawthorn Hawks batting - Pitching for Footscray Bulldogs : RHP Camron Lonsdale
Batting: RHB Marvin Leckenby 0-0: Foul Ball, location: 23F
0-1: Ball
1-1: Ball
2-1: Fly out, F9 (Flyball, 89M, EV 96.3 MPH)
Batting: LHB David Hayter 0-0: Swinging Strike
0-1: Foul Ball, location: 3FF
0-2: Ball
1-2: Fly out, F8 (Flyball, 8RM, EV 90.6 MPH)
Batting: LHB Macy Ferns 0-0: Called Strike
0-1: Ball
1-1: Ball
2-1: Fly out, F7 (Flyball, 78S, EV 88.1 MPH)
Bottom of the 2nd over - 0 runs, 0 hits, 0 errors, 0 left on base; Footscray 0 - Hawthorn 0
TOP OF THE 3RD
Footscray Bulldogs batting - Pitching for Hawthorn Hawks : RHP Alan Redelius
Batting: RHB Marvin Fairchild 0-0: Called Strike
0-1: Foul Ball, location: 3DF
0-2: Strikes out looking
Batting: SHB Matt Brentnall 0-0: Called Strike
0-1: Called Strike
0-2: Ball
1-2: Fly out, F6 (Popup, 5D, EV 45.6 MPH)
Batting: RHB Ray Donaldson 0-0: Foul Ball, location: 9LMF
0-1: Ball
1-1: Fly out, F8 (Flyball, 8RXD, EV 110.0 MPH)
Top of the 3rd over - 0 runs, 0 hits, 0 errors, 0 left on base; Footscray 0 - Hawthorn 0
BOTTOM OF THE 3RD
Hawthorn Hawks batting - Pitching for Footscray Bulldogs : RHP Camron Lonsdale
Batting: LHB Chris Cunningham 0-0: Called Strike
0-1: Ground out 6-3 (Groundball, 6M, EV 81.3 MPH)
Batting: LHB Kit Lennon 0-0: Foul Ball, location: 3F
0-1: Ball
1-1: Foul Ball, location: 9LDF
1-2: Ball
2-2: Ball
3-2: Fly out, F7 (Flyball, 78S, EV 80.0 MPH)
Batting: RHB Reece Walsh 0-0: Foul Ball, location: 7LDF
0-1: Swinging Strike
0-2: Ball
1-2: Ball
2-2: Ground out 4-3 (Groundball, 4, EV 91.9 MPH)
Bottom of the 3rd over - 0 runs, 0 hits, 0 errors, 0 left on base; Footscray 0 - Hawthorn 0
TOP OF THE 4TH
Footscray Bulldogs batting - Pitching for Hawthorn Hawks : RHP Alan Redelius
Batting: RHB Reg Dainty 0-0: Ground out 6-3 (Groundball, 6, EV 98.8 MPH)
Batting: LHB Ben Honeyfield 0-0: Foul Ball, location: 9LSF
0-1: Fly out, F9 (Line Drive, 89S, EV 110.0 MPH)
Batting: RHB Bob Alley 0-0: Ball
1-0: Ball
2-0: Called Strike
2-1: SINGLE (Groundball, 34D, EV 105.0 MPH)
Batting: RHB Marc Dumbrill 0-0: Ball
1-0: Fly out, F9 (Flyball, 9D, EV 83.1 MPH)
Top of the 4th over - 0 runs, 1 hit, 0 errors, 1 left on base; Footscray 0 - Hawthorn 0
BOTTOM OF THE 4TH
Hawthorn Hawks batting - Pitching for Footscray Bulldogs : RHP Camron Lonsdale
Batting: LHB Fred Pascoe 0-0: Called Strike
0-1: Ball
1-1: Swinging Strike
1-2: Strikes out swinging
Batting: RHB Frank Crang 0-0: Fly out, F8 (Line Drive, 8RM, EV 83.8 MPH)
Batting: LHB Chandler Cheney 0-0: SINGLE (Line Drive, 5D, EV 101.3 MPH)
Batting: RHB Marvin Leckenby 0-0: Foul Ball, location: 3F
0-1: Ball
1-1: SINGLE (Groundball, 56D, EV 101.3 MPH) (infield hit)
Chandler Cheney to second
Batting: LHB David Hayter 0-0: Called Strike
0-1: Ball
1-1: Foul Ball, location: 7LSF
1-2: Strikes out swinging
Bottom of the 4th over - 0 runs, 2 hits, 0 errors, 2 left on base; Footscray 0 - Hawthorn 0
TOP OF THE 5TH
Footscray Bulldogs batting - Pitching for Hawthorn Hawks : RHP Alan Redelius
Batting: LHB Ethan Rymer 0-0: Ball
1-0: Foul Ball, location: 7LDF
1-1: SINGLE (Groundball, 4MD, EV 101.9 MPH)
Batting: RHB Kip Harris 0-0: Ball
1-0: Called Strike
1-1: Ball
2-1: Foul Ball, location: 9LMF
2-2: Grounds into double play, 6-4-3 (Groundball, 6, EV 80.0 MPH)
Batting: RHB Marvin Fairchild 0-0: Foul Ball, location: 7LSF
0-1: Ball
1-1: Fly out, F7 (Line Drive, 78M, EV 106.3 MPH)
Top of the 5th over - 0 runs, 1 hit, 0 errors, 0 left on base; Footscray 0 - Hawthorn 0
BOTTOM OF THE 5TH
Hawthorn Hawks batting - Pitching for Footscray Bulldogs : RHP Camron Lonsdale
Batting: LHB Macy Ferns 0-0: Called Strike
0-1: Ball
1-1: Foul Ball, location: 7LSF
1-2: Ball
2-2: Ball
3-2: Ground out 4-3 (Groundball, 4, EV 100.0 MPH)
Batting: LHB Chris Cunningham 0-0: Ball
1-0: Ground out 4-3 (Groundball, 34, EV 105.6 MPH)
Batting: LHB Kit Lennon 0-0: Called Strike
0-1: Swinging Strike
0-2: Strikes out swinging
Bottom of the 5th over - 0 runs, 0 hits, 0 errors, 0 left on base; Footscray 0 - Hawthorn 0
TOP OF THE 6TH
Footscray Bulldogs batting - Pitching for Hawthorn Hawks : RHP Alan Redelius
Batting: SHB Matt Brentnall 0-0: Ball
1-0: Called Strike
1-1: Ball
2-1: Fly out, F8 (Flyball, 78S, EV 91.9 MPH)
Batting: RHB Ray Donaldson 0-0: Ground out 6-3 (Groundball, 6, EV 81.9 MPH)
Batting: RHB Reg Dainty 0-0: Swinging Strike
0-1: Foul Ball, location: 2F
0-2: Ball
1-2: Ground out 5-3 (Groundball, 56S, EV 84.4 MPH)
Top of the 6th over - 0 runs, 0 hits, 0 errors, 0 left on base; Footscray 0 - Hawthorn 0
BOTTOM OF THE 6TH
Hawthorn Hawks batting - Pitching for Footscray Bulldogs : RHP Camron Lonsdale
Batting: RHB Reece Walsh 0-0: SINGLE (Line Drive, 89S, EV 89.4 MPH)
Batting: LHB Fred Pascoe Pickoff Throw to First - Out! 1-3
0-0: Foul Ball, location: 2F
0-1: Fly out, F7 (Flyball, 78M, EV 97.5 MPH)
Batting: RHB Frank Crang 0-0: Swinging Strike
0-1: Single, Error in OF, E8, batter to second base (Line Drive, 4D, EV 95.0 MPH)
Batting: LHB Chandler Cheney 0-0: Foul Ball, location: 5SF
0-1: Fly out, F8 (Flyball, 89XD, EV 86.3 MPH)
Bottom of the 6th over - 0 runs, 2 hits, 1 error, 1 left on base; Footscray 0 - Hawthorn 0
TOP OF THE 7TH
Footscray Bulldogs batting - Pitching for Hawthorn Hawks : RHP Alan Redelius
Batting: LHB Ben Honeyfield 0-0: Ball
1-0: Called Strike
1-1: Ball
2-1: Swinging Strike
2-2: Ball
3-2: SINGLE (Groundball, 4MD, EV 94.4 MPH)
Batting: RHB Bob Alley 0-0: Ball
1-0: DOUBLE (Flyball, 8RXD, EV 95.0 MPH)
Ben Honeyfield to third
Runner from 3rd tries for Home, SAFE, throw by CF to home
Batting: RHB Marc Dumbrill 0-0: Called Strike
0-1: Ball
1-1: Fly out, F7 (Flyball, 7LS, EV 82.5 MPH)
Batting: LHB Ethan Rymer 0-0: Intentional Walk
Pinch Runner at 2nd Daryl Spearman:
Pinch Hitting: RHB Brad Angwin 0-0: Ball
1-0: Swinging Strike
1-1: Foul Ball, location: 2LF
1-2: Ball
2-2: Ball
3-2: DOUBLE (Line Drive, 89D, EV 105.6 MPH)
Daryl Spearman scores
Ethan Rymer to third
Runner from 3rd tries for Home, SAFE, no throw by CF
Batting: RHB Marvin Fairchild 0-0: Ball
1-0: Swinging Strike
1-1: Swinging Strike
1-2: SINGLE (Groundball, 34D, EV 107.5 MPH)
Brad Angwin to third
Runner from 3rd tries for Home, SAFE, throw by RF to home
Batting: SHB Matt Brentnall 0-0: Called Strike
0-1: SINGLE (Groundball, 4MS, EV 65.0 MPH) (infield hit)
Marvin Fairchild to second
Batting: RHB Ray Donaldson 0-0: Ball
1-0: Ball
2-0: Foul Ball, location: 2F
2-1: Grounds into double play, 5-4-3 (Groundball, 56, EV 95.0 MPH)
Top of the 7th over - 4 runs, 5 hits, 0 errors, 1 left on base; Footscray 4 - Hawthorn 0
BOTTOM OF THE 7TH
Hawthorn Hawks batting - Pitching for Footscray Bulldogs : RHP Camron Lonsdale
Now at 2B: Bill Bransington
Batting: RHB Marvin Leckenby 0-0: Foul Ball, location: 23F
0-1: Called Strike
0-2: Ball
1-2: TRIPLE (Flyball, 9LD, EV 96.3 MPH)
Batting: LHB David Hayter 0-0: Fly out, F7 (Flyball, 7S, EV 90.6 MPH)
Batting: LHB Macy Ferns 0-0: Foul Ball, location: 2F
0-1: Ball
1-1: Foul Ball, location: 2F
1-2: Ball
2-2: SINGLE (Line Drive, 56, EV 98.8 MPH)
Marvin Leckenby scores
Pitching: RHP Destin Stuckey
Batting: LHB Chris Cunningham 0-0: Foul Ball, location: 2F
0-1: Called Strike
0-2: Strikes out swinging
Batting: LHB Kit Lennon 0-0: Swinging Strike
0-1: Ball
Macy Ferns steals 2nd base
1-1: Foul Ball, location: 25FF
1-2: Ball
2-2: Ball
3-2: Foul Ball, location: 7LSF
3-2: Foul Ball, location: 3FF
3-2: Ground out 6-3 (Groundball, 6M, EV 106.9 MPH)
Bottom of the 7th over - 1 run, 2 hits, 0 errors, 1 left on base; Footscray 4 - Hawthorn 1
TOP OF THE 8TH
Footscray Bulldogs batting - Pitching for Hawthorn Hawks : RHP Alan Redelius
Batting: RHB Reg Dainty 0-0: Ball
1-0: Ball
2-0: Swinging Strike
2-1: SINGLE (Line Drive, 89S, EV 101.3 MPH)
Batting: LHB Ben Honeyfield 0-0: Ball
1-0: Ball
2-0: Called Strike
2-1: Swinging Strike
2-2: Ball
3-2: Base on Balls
Reg Dainty to second
Batting: RHB Daryl Spearman 0-0: Swinging Strike
0-1: Ball
1-1: Grounds into double play, 4-6-3 (Groundball, 4, EV 80.6 MPH)
Reg Dainty to third
Pitching: RHP John Stuart
Batting: RHB Marc Dumbrill 0-0: Called Strike
0-1: Ball
1-1: Ball
2-1: Foul Ball, location: 2F
2-2: Ball
3-2: Strikes out swinging
Top of the 8th over - 0 runs, 1 hit, 0 errors, 1 left on base; Footscray 4 - Hawthorn 1
BOTTOM OF THE 8TH
Hawthorn Hawks batting - Pitching for Footscray Bulldogs : RHP Destin Stuckey
Batting: RHB Reece Walsh 0-0: Ground out 5-3 (Groundball, 5, EV 89.4 MPH)
Batting: LHB Fred Pascoe 0-0: Ball
1-0: Ball
2-0: Ball
3-0: Called Strike
3-1: Foul Ball, location: 7LSF
3-2: Foul Ball, location: 3FF
3-2: Strikes out swinging
Batting: RHB Frank Crang 0-0: Ball
1-0: Ball
2-0: Foul Ball, location: 5FF
2-1: Foul Ball, location: 7LSF
2-2: Foul Ball, location: 2F
2-2: Strikes out swinging, 2-3 out at first.
Bottom of the 8th over - 0 runs, 0 hits, 0 errors, 0 left on base; Footscray 4 - Hawthorn 1
TOP OF THE 9TH
Footscray Bulldogs batting - Pitching for Hawthorn Hawks : RHP John Stuart
Batting: LHB Ethan Rymer 0-0: Ball
1-0: Called Strike
1-1: Ball
2-1: Ball
3-1: SINGLE (Groundball, 4MS, EV 68.8 MPH) (infield hit)
Batting: RHB Bill Bransington 0-0: Foul Ball, location: 2F
0-1: Swinging Strike
0-2: Strikes out looking
Batting: RHB Marvin Fairchild 0-0: Called Strike
0-1: Swinging Strike
0-2: Foul Ball, location: 25F
0-2: Ball
1-2: Fly out, F9 (Flyball, 9D, EV 110.0 MPH)
Batting: SHB Matt Brentnall 0-0: Fly out, F8 (Flyball, 89M, EV 85.0 MPH)
Top of the 9th over - 0 runs, 1 hit, 0 errors, 1 left on base; Footscray 4 - Hawthorn 1
BOTTOM OF THE 9TH
Hawthorn Hawks batting - Pitching for Footscray Bulldogs : RHP Destin Stuckey
Pitching: RHP Chris Angrove
Now at C: Chris Workman
Batting: LHB Chandler Cheney 0-0: Ball
1-0: Ball
2-0: Called Strike
2-1: Foul Ball, location: 23F
2-2: Foul Ball, location: 2F
2-2: Fly out, F5 (Popup, 25, EV 91.3 MPH)
Batting: RHB Marvin Leckenby 0-0: Ball
1-0: Fly out, F8 (Flyball, 8LS, EV 97.5 MPH)
Batting: LHB David Hayter 0-0: Ball
1-0: Foul Ball, location: 5FF
1-1: Called Strike
1-2: Strikes out looking
Bottom of the 9th over - 0 runs, 0 hits, 0 errors, 0 left on base; Footscray 4 - Hawthorn 1
Monday, May 6th , 2024 - OOTP Baseball 24.9 Build 80